 Dungeon Crawl Stone Soup version 0.32-a0-876-gcfddb08e57 (webtiles) character file.

Game seed: 2472443129159431675

333 tilp the Vexing (level 6, -7/44 HPs)
             Began as a Vampire Enchanter on Apr 2, 2024.
             Killed from afar by Ijyb (11 damage)
             ... with a bolt of dispelling energy
             ... on level 3 of the Dungeon.
             The game lasted 00:06:04 (2703 turns).

tilp the Vexing (Vampire Enchanter)                 Turns: 2703, Time: 00:06:05

Health: -7/44      AC:  2    Str:  7    XL:     6   Next: 27%
Magic:  5/10       EV: 16    Int: 26    God:
Gold:   105        SH:  4    Dex: 14    Spells: 2/10 levels left

rFire   . . .        a - +1 dagger
rCold   . . .        p - +0 buckler
rNeg    . . .        b - +0 robe
rPois   .            (no helmet)
rElec   .            (no cloak)
rCorr   .            (no gloves)
SInv    +            (no boots)
Will    .....        (no amulet)
Stlth   +++          h - +6 ring of intelligence
HPRegen 0.47/turn    g - +5 ring of evasion
MPRegen 0.12/turn

%: no passive effects
@: very slightly contaminated, healing quickly
A: alive, fangs 3, see invisible, vampiric 2
a: Exsanguinate


You were on level 3 of the Dungeon.
You visited 1 branch of the dungeon, and saw 3 of its levels.

You collected 147 gold pieces.
You spent 42 gold pieces at shops.

Inventory:

Hand Weapons
 a - a +1 dagger (weapon)
Missiles
 e - 5 poisoned darts (quivered)
 t - a throwing net {!f}
Armour
 b - a +0 robe (worn)
 m - a +1 ring mail of fire resistance
 p - a +0 buckler (worn)
Jewellery
 g - a +5 ring of evasion (right hand)
 h - a +6 ring of intelligence (left hand)
 r - a ring of positive energy
Scrolls
 d - a scroll of enchant weapon {unknown}
 k - a scroll of fear {unknown}
 l - a scroll of butterflies {unknown}
 o - a scroll of poison {unknown}
 q - 3 scrolls of identify {unknown}
 s - 2 scrolls of noise {unknown}
Potions
 c - a potion of invisibility
 f - 2 potions of degeneration {unknown}
 i - a potion of magic {unknown}
 j - a potion of haste {unknown}
 n - 2 potions of curing
 u - 2 potions of heal wounds {unknown}


   Skills:
 * Level 2.3 Fighting
 + Level 2.2(2.8) Short Blades
 * Level 2.3(2.7) Long Blades
 + Level 3.0 Dodging
 + Level 5.2 Stealth
 + Level 1.0 Shields
 + Level 2.6 Spellcasting
 * Level 6.0 Hexes


You had 2 spell levels left.
You knew the following spells:

 Your Spells              Type           Power      Damage    Failure   Level
a - Ensorcelled Hibernat  Hex/Ice        38%        N/A       7%          2
b - Confusing Touch       Hex            34%        N/A       4%          3
c - Tukima's Dance        Hex            34%        N/A       4%          3

Your spell library contained the following spells:

 Spells                   Type           Power      Damage    Failure   Level
 Dazzling Flash           Conj/Hex       38%        N/A       14%         3
 Summon Ice Beast         Ice/Summ       3%         N/A       45%         3
 Summon Mana Viper        Hex/Summ       19%        N/A       78%         5
 Monstrous Menagerie      Summ           1%         N/A       100%        7


Dungeon Overview and Level Annotations

Branches:
Dungeon (3/15)

Altars:

Shops:
D:1 [!

Annotations:
D:3 Grinder, Ijyb


Innate Abilities, Weirdness & Mutations

Your natural rate of healing is accelerated.
You have razor-sharp teeth.
You have supernaturally acute eyesight. (SInv)
You are afflicted with vampirism and can become a bat while bloodless.


Message History

Confirm with . or Enter, or press ? or * to list all spells.
Aiming: Ensorcelled Hibernation (safe; 7% risk of failure)
Press: ? - help, Shift-Dir - straight line, f - Ijyb
Aim: Ijyb, wielding a +0 dagger, wearing a +0 chain mail and carrying a wand of quicksilver (wandering, hasn't noticed you, chance to affect: 61%)
You miscast Ensorcelled Hibernation.
You are very lightly contaminated with residual magic.
Nothing appears to happen.
Casting: Ensorcelled Hibernation (safe; 7% risk of failure)
Confirm with . or Enter, or press ? or * to list all spells.
Aiming: Ensorcelled Hibernation (safe; 7% risk of failure)
Press: ? - help, Shift-Dir - straight line, f/p - Ijyb
Aim: Ijyb, wielding a +0 dagger, wearing a +0 chain mail and carrying a wand of quicksilver (chance to affect: 61%) Ijyb resists with significant effort.
Ijyb zaps a wand.
The bolt of dispelling energy hits you!!
Ouch! That really hurt!
Casting: Ensorcelled Hibernation (safe; 7% risk of failure)
Confirm with . or Enter, or press ? or * to list all spells.
Aiming: Ensorcelled Hibernation (safe; 7% risk of failure)
Press: ? - help, Shift-Dir - straight line, f/p - Ijyb
Aim: Ijyb, wielding a +0 dagger, wearing a +0 chain mail and carrying a wand of quicksilver (chance to affect: 61%) Ijyb looks drowsy...
Unknown command.
The helpless Ijyb fails to defend herself.
You impale Ijyb!! You bite Ijyb, but do no damage.
Ijyb is almost dead.
Ijyb hits you with a +0 dagger.
* * * LOW HITPOINT WARNING * * *
Unknown command.
You closely miss Ijyb. You bite Ijyb, but do no damage.
Ijyb is almost dead.
You closely miss Ijyb.
Ijyb is almost dead.
Ijyb zaps a wand.
The bolt of dispelling energy hits you!
* * * LOW HITPOINT WARNING * * *
Unknown command.
You hit Ijyb. Your bite misses Ijyb.
Ijyb is almost dead.
Ijyb zaps a wand.
The bolt of dispelling energy hits you!
You die...
Ijyb moans, "Good help so hard to find!"

..# #.........# [ .##
#.........##### . ##
#.........>.... .##.. .#
#.........######....#
.########...##.####<......#
..##......#.##.###........#
.....####.#...............#
.....###..#..#............#
.........#......@.........#
............#..g..........#
..........................#
......#...................#
..........#...............#
..........#.#........######
..........#.#....(....#
..........#.#............#
...†.............o.......#


You could see Ijyb.

Vanquished Creatures
  Sigmund (D:3)
  4 gnolls (D:2)
  6 adders
  2 ribbon worms
  3 dart slugs
  3 orcs
  4 bats
  8 endoplasms
  A giant cockroach (D:2)
  5 goblins
  3 hobgoblins
  7 jackals
  6 kobolds
  4 quokkas
  4 ball pythons
  8 frilled lizards
  8 rats
77 creatures vanquished.

Notes
Turn   | Place    | Note
-------+----------+-------------------------------------------
     0 | D:1      | tilp the Vampire Enchanter began the quest for the Orb.
     0 | D:1      | Reached XP level 1. HP: 13/13 MP: 3/3
   254 | D:1      | Reached XP level 2. HP: 20/20 MP: 5/5
   267 | D:1      | Learned a level 2 spell: Ensorcelled Hibernation
   365 | D:1      | Found Qaiq's Distillery.
   381 | D:1      | Found a faded altar of an unknown god.
   533 | D:1      | Reached skill level 1 in Fighting
   546 | D:1      | Gained mutation: You are afflicted with vampirism and can
                  | become a bat while bloodless. [Vampire growth]
   546 | D:1      | Reached XP level 3. HP: 21/26 MP: 6/6
   550 | D:1      | Learned a level 3 spell: Confusing Touch
   592 | D:1      | Reached skill level 1 in Long Blades
   845 | D:1      | Found Luma's Antique Armour Boutique.
   906 | D:1      | Bought a potion of curing for 42 gold pieces
   915 | D:2      | Reached skill level 5 in Hexes
  1140 | D:2      | Reached XP level 4. HP: 18/32 MP: 4/7
  1232 | D:2      | You fall into a shaft and drop 1 floor!
  1511 | D:3      | Noticed a phantom
  2049 | D:2      | Reached XP level 5. HP: 14/38 MP: 3/8
  2051 | D:2      | Reached skill level 5 in Stealth
  2173 | D:2      | Learned a level 3 spell: Tukima's Dance
  2439 | D:3      | Noticed Grinder
  2555 | D:3      | Noticed Sigmund
  2568 | D:3      | Killed Sigmund
  2569 | D:3      | Reached skill level 1 in Shields
  2569 | D:3      | Reached skill level 6 in Hexes
  2569 | D:3      | Reached XP level 6. HP: 44/44 MP: 6/10
  2658 | D:3      | Noticed Ijyb
  2659 | D:3      | Noticed a +0 hand axe
  2659 | D:3      | Noticed a +0 dagger
  2703 | D:3      | Killed from afar by Ijyb

Illustrated notes

Levels and vault maps discovered:
D:1:      elethiomel_arrival_infinity_welcomes_careful_drivers, layout_rooms,
          hellmonk_ecumenical_altar_heavens_door, serial_shops, shop,
          nicolae_shop_back_alley_shop, minmay_octomino_e4
D:2:      layout_basic
D:3:      layout_rooms, dancing_weapons_uskayaw, marbit_many_paths, uniq_ijyb,
          uniq_sigmund, uniq_grinder

Skill      XL: |  1  2  3  4  5 |
---------------+----------------+-----
Fighting       | 1 2 |  2.3
Long Blades    | 1 2 |  2.3
Hexes          | 5 6 |  6.0
Stealth        | 5 |  5.2
Short Blades   | 2 |  2.2
Dodging        | 3 |  3.0
Shields        | 1 |  1.0
Spellcasting   | |  2.6

Action                     |  1- 3 |  4- 6 || total
---------------------------+-------+-------++-------
  Melee: Dagger            |   122 |    93 ||   215
         Bite              |     8 |     7 ||    15
  Throw: Dart              |     3 |     1 ||     4
   Cast: Ensorcelled Hiber |     1 |    26 ||    27
         Confusing Touch   |       |     1 ||     1
    Use: Potion            |       |     1 ||     1
   Stab: Sleeping          |     8 |    21 ||    29
         Invisible         |       |     1 ||     1
         Confused          |       |     1 ||     1
 Armour: Robe              |    59 |    50 ||   109
  Dodge: Dodged            |    61 |    36 ||    97
  Block: Buckler           |       |     5 ||     5

Table legend: (Time is in decaauts)
 A = Elapsed time spent in this place.
 B = Non-inter-level travel time spent in this place.
 C = Inter-level travel time spent in this place.
 D = Time resting spent in this place.
 E = Time spent auto-exploring this place.
 F = Levels seen in this place.
 G = Mean time per level.
                   A        B        C        D        E       F      G
               +--------+--------+--------+--------+--------+-----+--------+
         Total |   2688 |   2473 |    215 |    264 |   1398 |   3 |  896.0 |
       Dungeon |   2688 |   2473 |    215 |    264 |   1398 |   3 |  896.0 |
               +--------+--------+--------+--------+--------+-----+--------+

Top non-repeatable levels by time:
     D:2: 1293 daAuts
     D:1: 913 daAuts
     D:3: 481 daAuts
